 BcadrenCrawl: Boulder Brew version 0.06-744-gf22570f5e0 (webtiles) character file.

Game seed: 8309761343567875625

63137 LabCoat the Cleaver (level 15, -25/252 HPs) Hill Orc Fighter. Began on Mar 9, 2023. Was the Champion of Okawaru. Annihilated by an orc warlord ... wielding a +0 long sword of holy wrath (32 damage) ... on level 2 of the Orcish Mines. The game lasted 01:46:07 (18312 turns).

LabCoat the Cleaver (Hill Orc Fighter)             Turns: 18312, Time: 01:46:08

Health: -25/252    AC: 48    Str: 37    XL:     15 ^: 38682
Magic:  21/23      EV: 21    Int: 13    God:    Okawaru [6* [192]]
Gold:   1165       SH:  0    Dex: 18    Spells: 14/14 levels left

rFire    + . .     Slash    x   a - +0 war axe (molten)
rCold    + + .     Pierce   .   y - +0 war axe (elec)
rNeg     . . .     Bludgeon .   P - +17 gold dragon scales "Moustehi" {rPois rF+ rC+ MR+ Int+2}
rCorr    . . .     Vision   .   Z - +1 helmet
rPois    +         Gourm    .   L - +0 cloak
rElec    .         Faith    .   d - +3 pair of gauntlets of War {Slay+5}
MR       ++...     Spirit   .   g - +0 pair of boots of the Thistle {rC+ Dex+3}
HPRegen  0.94/turn Reflect  .   D - amulet of rage
MPRegen  0.33/turn Harm     .   T - ring of evasion
Stlth    ..........             F - ring of poison resistance

@: berserking, heroism, studying Bows, lightly drained, very quick
A: STR +6, INT +3, DEX +5, soft flesh
a: Heroism, Finesse, Renounce Religion, Convert to Beogh, Evoke Berserk Rage


You were on level 2 of the Orcish Mines.
You worshipped Okawaru.
Okawaru was exalted by your worship.
You were not hungry.

You visited 4 branches of the dungeon, and saw 16 of its levels.
You also visited: Volcano.

You collected 1165 gold pieces.

Inventory:

Weapons
 a - a +0 war axe of molten steel (weapon)
 b - a +0 hand crossbow of molten steel
 y - a +0 war axe of electrocution (weapon)
 A - a +1 longbow of molten steel
 N - a +2 battleaxe of freezing Shields
 c - a +0 heater shield
 C - the +4 buckler "Omaega" {Str+3}
   (Okawaru gifted it to you on level 6 of the Lair of Beasts)

   Base shield rating: 3 Skill to remove penalty: 4.0 It affects your strength
   (+3).
 X - a -1 buckler of cold resistance
Armour
 d - the +3 pair of gauntlets of War (worn) {Slay+5}
   (You acquired it on level 3 of the Lair of Beasts)

   It affects your accuracy and damage with ranged weapons and melee attacks
   (+5).
 g - the +0 pair of boots of the Thistle (worn) {rC+ Dex+3}
   (Okawaru gifted it to you on level 5 of the Lair of Beasts)

   It affects your dexterity (+3).
   It protects you from cold.
 L - a +0 cloak (worn)
 P - the +17 gold dragon scales "Moustehi" (worn) {rPois rF+ rC+ MR+ Int+2}
   (You found it on level 3 of the Lair of Beasts)

   It affects your intelligence (+2).
   It protects you from fire.
   It protects you from cold.
   It protects you from poison.
   It affects your resistance to hostile enchantments.
 Z - a +1 helmet (worn)
Jewellery
 e - an uncursed ring of positive energy
 h - the ring "Luosomp" {Ice Int+2}
   (You took it off a kobold on level 2 of the Dungeon)

   [ring of ice]

   It enhances your ice magic.
   It affects your intelligence (+2).
   It makes you vulnerable to fire.
   It protects you from cold.
 r - an uncursed amulet of magic regeneration
 t - an uncursed amulet of the gourmand
 D - an amulet of rage (around neck)
 F - a ring of poison resistance (right hand)
 G - an uncursed ring of protection from magic
 T - a ring of evasion (left hand)
 U - an uncursed ring of dexterity
 W - a cursed ring of evasion {(Curse: Dex-5)}
Wands
 i - a wand of ensnaring (4)
 j - a wand of random effects (13)
 H - a wand of flame (9)
 O - a wand of acid (14)
 Q - a wand of iceblast (7)
 R - a wand of polymorph (18)
 S - a wand of clouds (9)
Scrolls
 l - a scroll of immolation
 m - 10 scrolls of teleportation
 n - 2 scrolls of magic mapping
 q - 4 scrolls of summoning
 v - a scroll of silence
 x - 3 scrolls of fog
 z - 2 scrolls of fear
 B - 2 scrolls of attention
 E - a scroll of enchantment
 M - 3 scrolls of blinking
Potions
 k - 2 potions of cancellation
 o - 5 potions of mutation
 p - 6 potions of agility
 s - 5 potions of curing
 u - a potion of resistance
 w - 3 potions of haste
 I - 2 potions of brilliance
 J - 5 potions of ambrosia
 K - 2 potions of might
 Y - 3 potions of invisibility
Comestibles
 f - 28 rations
 V - 4 chunks of flesh


   Skills:
 * Level 13.1(18.1) Fighting
   Level 1.0(6.0) Short Blades
 * Level 14.2(19.2) Axes & Hammers
   Level 1.1(13.0) Polearms
 * Level 4.5(12.3) Bows
 + Level 9.0(14.4) Crossbows
 + Level 10.9(15.8) Armour
 + Level 6.2(11.2) Dodging
 * Level 10.9(15.8) Shields
 * Level 10.8 Invocations
 + Level 7.4(7.3) Evocations


You had 14 spell levels left.
You didn't know any spells.
Your spell library contained the following spells:

 Spells                   Type           Power        Failure   Level  Hunger
 Flame Tongue Fire 0 (30) 67% 1 40-60 Sandblast Erth 0 (50) 67% 1 40-60 Summon Butterflies Summ 0 (100) 67% 1 40-60 Summon Small Mammal Summ 0 (25) 67% 1 40-60 Passwall Tmut/Erth 0 (120) 80% 2 80-120 Searing Ray Fire 0 (50) 80% 2 80-120 Stone Arrow Erth 0 (50) 95% 3 120-180 Airstrike Air 0 (200) 100% 4 200-300 Petrify Tmut/Erth 0 (100) 100% 4 200-300 Sticky Flame Fire/Pois 0 (100) 100% 4 200-300 Lee's Rapid Deconstruct Erth 0 (200) 100% 5 320-480 Methodical Deconstructi Erth 0 (200) 100% 5 320-480 Starburst Fire           0 (200)      100%        6    440-660


Dungeon Overview and Level Annotations

Branches:
Dungeon (7/8)              Temple (1/1) D:4            Lair (6/6) D:5
  Swamp (0/4) Lair:4        Snake (0/4) Lair:3        Slime (0/5) Lair:6
    Orc (2/2) D:6         Volcano (visited)
    Elf: Orc:2       Vaults: D:7

Altars:
Ashenzari
Beogh
Gozag Ym Sagoz
Nemelex Xobeh
Okawaru
Qazlal
Ru
Sif Muna
Uskayaw
Vehumet
Wu Jian
Jiyva

Shops:
Orc:2 :

Annotations:
Lair:4 3 runed translucent doors, VineThatTabs's ghost, journeyman DrMf


Innate Abilities, Weirdness & Mutations

Your soft flesh is weak to deep cuts.
Heavy manmade armour will nullify this weakness. (rSlashing-)
You are extremely strong, very clever and extremely agile. (STR +6, INT +3, DEX +5)


Message History

The orc warlord hits you with a +0 long sword of holy wrath (31)!!
You are lacerated severely!
* * * LOW HITPOINT WARNING * * *
You hit the orc warlord (2).
He resists.
You burn the orc warlord (1). You hit the orc knight (3).
She resists.
You burn the orc knight (3).
The orc knight is severely wounded. (18/65) HP The orc priest shouts, "Join the one true god or die!"
You hit the orc warlord (2).
He resists.
Lightning courses through the orc warlord (6).
The orc warlord is severely wounded. (48/125) HP The orc priest shouts, "Surrender to Beogh and we'll let you live!"
You hit the orc knight but do no damage.
Lightning courses through the orc knight (6).
The orc knight is almost dead. (12/65) HP The orc knight roars a battlecry!
The orcs go into a battle-frenzy!
The orc priest begins to cast a cantrip, but forgets the words!
The orc warlord hits you with a +0 long sword of holy wrath (32)!!
You are lacerated severely!
You die...

.......#........
........#.....$.
..........[.P[..
....[.....).)..∩
......#.....P...
....O....o$..o..
.......).[o.o...
......o}o)...P..
......[@)....P..
......o)$.......
.....$.....<....
................
...[............
..[.....)...$...
.[........#.#.##
...........#...


You could see an orc warlord (strong), an orc knight (strong), an orc warrior
(strong), an ogre, 2 orc priests and 2 orcs.

Vanquished Creatures
  Snorg (D:6)
  2 mummy priests (Lair:5)
  Josephine (Orc:2)
  4 boulder beetles
  2 swooping magpies (Lair:5)
  An orc high priest (Orc:1)
  Sonja (D:6)
  2 two-headed ogres (D:5)
  6 hydras
  3 orc knights
  A dancing weapon (Volcano)
  A skeletal warrior (D:6)
  5 wizards (Volcano)
  4 orc sorcerers (Orc:2)
  7 black mambas
  A gargoyle (D:6)
  Maggie (D:4)
  5 toenail golems (Volcano)
  8 trolls
  18 giraffes
  3 rime drakes
  3 elephants (Lair:5)
  A boulder beetle zombie (Lair:5)
  A tyrant leech (Lair:4)
  6 komodo dragons
  4 polar bears
  4 hornets (Lair:6)
  A catoblepas zombie (Lair:5)
  A death yak zombie (Lair:5)
  2 dream sheep (Lair:6)
  5 wraiths (Orc:2)
  17 spiny frogs
  3 hydra zombies (Lair:5)
  2 steam dragons
  A death yak skeleton (Lair:5)
  11 spriggans (Lair:6)
  4 yaks (D:5)
  4 wyverns
  3 basilisks
  A hungry ghost (D:6)
  5 hydra skeletons (Lair:5)
  A naga (shapeshifter) (D:6)
  7 guardian mummies (Lair:5)
  2 nagas (Lair:3)
  A bone scorpion (D:6)
  A swamp worm (Lair:4)
  A phantom (D:3)
  7 wargs
  23 orc warriors
  A necrophage (D:6)
  9 scorpions
  15 porcupines
  9 water moccasins
  3 ice beasts (D:6)
  5 black bears
  9 ogres
  An eye of draining (D:5)
  37 wolves
  An elephant skeleton (Lair:5)
  4 boggarts (Lair:6)
  2 dream sheep skeletons (Lair:5)
  A komodo dragon zombie (Lair:5)
  4 big kobolds (D:2)
  14 crocodiles
  3 swooping magpie zombies (Lair:5)
  5 swooping magpie skeletons (Lair:5)
  A komodo dragon skeleton (Lair:5)
  A black mamba zombie (Lair:5)
  2 gnoll sergeants
  2 centaurs
  2 spiny frog zombies (Lair:5)
  12 blink frogs
  2 spiny frog skeletons (Lair:5)
  2 black mamba skeletons (Lair:5)
  3 howler monkeys
  A killer bee (D:6)
  2 electric eels (Lair:1)
  A llaibwca (D:3)
  A hornet zombie (D:4)
  3 rime drake skeletons (Lair:5)
  2 hounds
  13 orc priests
  8 jellies
  A mummy (Lair:5)
  3 iguanas
  11 orc wizards
  6 worker ants
  2 wyvern skeletons (D:4)
  22 giant cockroaches
  A haearbwca (D:3)
  3 boggart skeletons
  A blink frog skeleton (Lair:5)
  5 gnolls (D:5)
  7 adders
  9 sewer rats (D:2)
  6 cinder newts
  2 worms
  19 bullfrogs
  5 oozes
  A worker ant zombie (D:5)
  A hound skeleton (D:5)
  13 leopard geckos
  71 orcs
  An adder skeleton (D:3)
  A ball python (D:1)
  5 bats
  A cinder newt skeleton (D:2)
  11 goblins
  2 hobgoblins (D:1)
  4 quokkas
  A bat skeleton (D:2)
  21 kobolds
  A kobold skeleton (D:2)
  A leopard gecko skeleton (D:5)
  A leopard gecko zombie (D:5)
  2 rats (D:1)
  A butterfly (D:6)
  2 fungi
  4 plants
  9 withered plants (D:2)
637 creatures vanquished.

Vanquished Creatures (others)
  8 fungi
  4 plants
  67 withered plants (D:2)
79 creatures vanquished.

Grand Total: 716 creatures vanquished

Notes
Turn   | Place    | Note
-------+----------+-------------------------------------------
     0 | D:1      | LabCoat the Hill Orc Fighter began the quest for the Orb.
     0 | D:1      | Reached XP level 1. HP: 29/29 MP: 1/1
    46 | D:1      | Reached skill level 3 in Axes & Hammers
    46 | D:1      | Reached XP level 2. HP: 33/39 MP: 2/2
    50 | D:1      | Reached XP level 3. HP: 33/49 MP: 3/3
   165 | D:1      | Reached XP level 4. HP: 59/59 MP: 4/4
   207 | D:1      | Reached skill level 1 in Short Blades
   381 | D:1      | Reached XP level 5. HP: 69/69 MP: 5/5
   669 | D:1      | Reached skill level 1 in Dodging
   844 | D:1      | Reached skill level 4 in Axes & Hammers
  1104 | D:2      | Identified the ring "Luosomp" {Ice Int+2}
  1111 | D:2      | Reached skill level 5 in Fighting
  1111 | D:2      | Reached XP level 6. HP: 58/79 MP: 6/6
  1199 | D:2      | Reached skill level 1 in Polearms
  1404 | D:2      | Found a hide-covered altar of Uskayaw.
  1462 | D:2      | Reached skill level 5 in Axes & Hammers
  1462 | D:2      | Reached XP level 7. HP: 85/89 MP: 7/7
  1488 | D:2      | Reached skill level 5 in Armour
  1733 | D:2      | Found a stormy altar of Qazlal.
  2394 | D:2      | Reached skill level 1 in Crossbows
  2394 | D:2      | Reached XP level 8. HP: 68/99 MP: 8/8
  2716 | D:3      | Reached skill level 6 in Axes & Hammers
  2995 | D:3      | Reached skill level 5 in Shields
  3136 | D:3      | Reached skill level 7 in Axes & Hammers
  3150 | D:3      | Reached XP level 9. HP: 108/108 MP: 9/9
  4016 | D:4      | Found a sacrificial altar of Ru.
  4052 | D:4      | Reached skill level 1 in Evocations
  4173 | D:4      | Found a shattered altar of Ashenzari.
  4233 | D:4      | Noticed Maggie
  4241 | D:4      | Killed Maggie
  4241 | D:4      | Reached skill level 8 in Axes & Hammers
  4492 | D:4      | Found a staircase to the Ecumenical Temple.
  4500 | Temple   | Entered the Ecumenical Temple
  4665 | Temple   | Became a worshipper of Warmaster Okawaru
  5039 | D:4      | Found an opulent altar of Gozag.
  5039 | D:4      | Found a sparkling altar of Nemelex Xobeh.
  5039 | D:4      | Identified the cursed ring "Meenecec" {+Blink rN+ Int+9
                  | Dex-4, (Curse: MR-)}
  5044 | D:4      | Reached XP level 10. HP: 118/118 MP: 10/10
  5167 | D:5      | Entered Level 5 of the Dungeon
  5167 | D:5      | Noticed a two-headed ogre
  5174 | D:5      | Killed a two-headed ogre
  5174 | D:5      | Reached * piety under Okawaru
  5269 | D:5      | Reached skill level 9 in Axes & Hammers
  5288 | D:5      | Reached ** piety under Okawaru
  5321 | D:5      | Found a staircase to the Lair.
  5526 | D:5      | Reached skill level 5 in Crossbows
  5562 | D:5      | Reached *** piety under Okawaru
  5735 | D:5      | Found a radiant altar of Vehumet.
  5736 | D:5      | Noticed a two-headed ogre
  5740 | D:5      | Killed a two-headed ogre
  5740 | D:5      | Reached skill level 10 in Axes & Hammers
  5740 | D:5      | Reached skill level 1 in Invocations
  5740 | D:5      | Reached XP level 11. HP: 77/128 MP: 10/12
  6413 | D:6      | Noticed Snorg
  6423 | D:6      | Killed Snorg
  6423 | D:6      | Reached **** piety under Okawaru
  6595 | D:6      | Noticed an eight-headed hydra
  6609 | D:6      | Killed a six-headed hydra
  6885 | D:6      | Found a staircase to the Orcish Mines.
  6924 | D:6      | Noticed a skeletal warrior
  6933 | D:6      | Killed a skeletal warrior
  6933 | D:6      | Reached skill level 11 in Axes & Hammers
  7165 | D:6      | Reached skill level 10 in Fighting
  7222 | D:6      | Reached ***** piety under Okawaru
  7389 | D:6      | Identified the cursed amulet of Oblorph {-Tele +Rage rPois
                  | rN+++ +Vis, (Curse: *Drain)}
  7389 | D:6      | Noticed Sonja
  7395 | D:6      | Killed Sonja
  7452 | D:6      | Found a roughly hewn altar of Beogh.
  7693 | D:7      | Noticed a skeletal warrior
  7693 | D:7      | Noticed a skeletal warrior
  7694 | D:7      | Identified the ring "Jicvadia" {+Inv Str-4 Int+2 +Vis
                  | Stlth-}
  7694 | D:7      | Identified the +5 rapier of Revolt {freeze, rC+ rN+ MR++}
  7705 | D:7      | Noticed a skeletal warrior
  7705 | D:7      | Noticed a skeletal warrior
  8103 | Lair:1   | Entered Level 1 of the Lair of Beasts
  8813 | Lair:1   | Reached skill level 5 in Invocations
  9231 | Lair:2   | Reached skill level 5 in Evocations
  9231 | Lair:2   | Reached XP level 12. HP: 138/138 MP: 15/15
  9382 | Lair:2   | Noticed a boulder beetle
  9452 | Lair:2   | Killed a boulder beetle
  9590 | Lair:2   | Received a gift from Okawaru
  9966 | Lair:2   | Reached skill level 12 in Axes & Hammers
 10136 | Lair:2   | Noticed a boulder beetle
 10153 | Lair:2   | Killed a boulder beetle
 10800 | Lair:3   | Identified a scroll of acquirement
 10807 | Lair:3   | Acquired the +3 pair of gauntlets of War {Slay+5}
 10808 | Lair:3   | Found the +3 pair of gauntlets of War {Slay+5}
 11116 | Lair:3   | Received a gift from Okawaru
 11320 | Lair:3   | Reached skill level 5 in Dodging
 11447 | Lair:3   | Identified the cursed +7 buckler of Banun {Dex+4, (Curse:
                  | rC-)}
 11600 | Lair:3   | Found a staircase to the Snake Pit.
 11619 | Lair:3   | Reached ****** piety under Okawaru
 11619 | Lair:3   | Reached XP level 13. HP: 148/148 MP: 18/18
 11788 | Lair:3   | Identified the +17 gold dragon scales "Moustehi" {rPois rF+
                  | rC+ MR+ Int+2}
 12035 | Lair:4   | Reached skill level 10 in Armour
 12039 | Lair:4   | Found a runed translucent gate.
 12040 | Lair:4   | Found a runed translucent gate.
 12041 | Lair:4   | Found a runed translucent gate.
 12086 | Lair:4   | Received a gift from Okawaru
 12373 | Lair:4   | Identified the cursed +8 staff of Arbitration {chaos,
                  | earth; rN+ MP+9 AC+5 Dex+9 +Vis, (Curse: rF-)}
 12459 | Lair:4   | Noticed VineThatTabs's ghost (journeyman DrMf)
 12460 | Lair:4   | Identified the cursed ring of Reolulint {Fire rPois MP+9,
                  | (Curse: -Vis)}
 12919 | Lair:4   | Found a staircase to the Swamp.
 13019 | Lair:5   | Received a gift from Okawaru
 13019 | Lair:5   | Reached skill level 13 in Axes & Hammers
 13622 | Lair:5   | Identified the +2 falchion of the World {antimagic, Dex+7}
 14167 | Lair:5   | Identified the +0 pair of boots of the Thistle {rC+ Dex+3}
                  | (Okawaru gifted it to you on level 5 of the Lair of Beasts)
 14167 | Lair:5   | Received a gift from Okawaru
 14550 | Lair:5   | Reached XP level 14. HP: 141/152 MP: 20/20
 15121 | Lair:6   | Entered Level 6 of the Lair of Beasts
 15166 | Lair:6   | Found a dark tunnel.
 15173 | Volcano  | Entered a volcano
 15190 | Volcano  | Reached skill level 10 in Shields
 15531 | Lair:6   | Found a staircase to the Slime Pits.
 15531 | Lair:6   | Found a viscous altar of Jiyva.
 15565 | Lair:6   | Reached skill level 1 in Bows
 15850 | Lair:6   | Identified the cursed ring "Emacoh" {+Inv rF- rN+ MR+
                  | Str+5, (Curse: *Slow)}
 15861 | Lair:6   | Identified the +4 buckler "Omaega" {Str+3} (Okawaru gifted
                  | it to you on level 6 of the Lair of Beasts)
 15861 | Lair:6   | Received a gift from Okawaru
 15869 | Lair:6   | Reached skill level 10 in Invocations
 16253 | Lair:6   | Identified the Collected Works on the Volcanoes
 16562 | Lair:6   | Reached skill level 14 in Axes & Hammers
 17027 | Orc:1    | Entered Level 1 of the Orcish Mines
 17400 | Orc:2    | Entered Level 2 of the Orcish Mines
 17403 | Orc:2    | Noticed Josephine
 17403 | Orc:2    | Identified the +6 hatchet "Cucrytsut" {molten, Str+2 Dex+2
                  | Stlth+} (Okawaru gifted it to you on level 2 of the Orcish
                  | Mines)
 17403 | Orc:2    | Received a gift from Okawaru
 17406 | Orc:2    | Killed Josephine
 17787 | Orc:2    | Reached XP level 15. HP: 135/163 MP: 21/23
 17967 | Orc:2    | Found Wume's Book Shop.
 18158 | Orc:2    | Noticed an orc warlord
 18311 | Orc:2    | HP: 7/252 [orc warlord/+0 long sword of holy wrath (31)]
 18312 | Orc:2    | Annihilated by an orc warlord

Illustrated notes

Levels and vault maps discovered:
D:1:      lightli_molten_gateway, layout_loops_corners, minmay_split_cup_small,
          portal_sewer_entry_f
D:2:      layout_sewer, old_standard_altar, lemuel_doored_altar
D:3:      layout_basic, first_ration
D:4:      layout_stronghold, grunt_temple_overflow_opulence,
          hangedman_ru_absence, nicolae_ashenzari_panopticon,
          minmay_temple_entry_grid, uniq_maggie
D:5:      layout_loops_ring, vehumet_altar_wand_db, erik_lair_orcish_takeover,
          enter_bailey_3
D:6:      layout_basic, nicolae_overflow_crystal_walls, david_orc_3, uniq_sonja,
          uniq_snorg
D:7:      layout_roguey [special_room_mythical_zoo],
          grunt_vaults_entry_fortified, minivault_23
Temple:   minmay_temple_curvy_loop
Lair:1:   layout_layer_cave, minmay_holes, chequers_serial_rivers_micro_c,
          fungi_pond_lemuel, nicolae_quartered_pool_little
Lair:2:   layout_cave_pods
Lair:3:   layout_roguey, guppyfry_snake_entry_island, gauntlet_entry_generic,
          grunt_megastairs_5
Lair:4:   layout_hall_layers, palyth_hydra_swamp_entry, gammafunk_ghost_icy
Lair:5:   layout_small_grid, st_stairs_12, ossuary_tomb_2
Lair:6:   minmay_lair_end_enchanted_forest, layout_small_grid, slime_altar_1,
          nicolae_volcano_entry_s_turn, chequers_serial_rivers_micro_a
Orc:1:    layout_caves, basic_altar
Orc:2:    grunt_orc_gardens, layout_caves, grunt_orc_garden, grunt_orc_garden,
          grunt_orc_garden, grunt_orc_garden, uniq_josephine

Skill      XL: |  1  2  3  4  5  6  7  8  9 10 11 12 13 14 |
---------------+-------------------------------------------+-----
Axes & Hammers | 3 4 5 7 8 10 11 12 13 14 | 14.2
Fighting       | 4 5 6 7 8 9 10 11 12 13 | 13.1
Armour         | 4 5 6 7 8 9 10 | 10.9
Short Blades   | 1 |  1.0
Dodging        | 1 2 3 4 5 6 |  6.2
Shields        | 4 5 6 7 8 9 10 | 10.9
Polearms       | 1 |  1.1
Crossbows      | 1 2 4 5 6 7 8 9 |  9.0
Evocations     | 2 4 5 6 7 |  7.4
Invocations    | 1 5 7 9 10 | 10.8
Bows           | 4 |  4.5

Action                   |  1- 3 |  4- 6 |  7- 9 | 10-12 | 13-15 || total
-------------------------+-------+-------+-------+-------+-------++-------
Melee: War axe           |    19 |    80 |   206 |   337 |   613 ||  1255
       Short sword       |    11 |    11 |       |       |       ||    22
       Spear             |       |    30 |       |       |       ||    30
       Battleaxe         |       |       |       |       |    15 ||    15
 Fire: Hand crossbow     |       |       |   105 |   235 |   246 ||   586
Throw: Stone             |       |    15 |    14 |       |       ||    29
       Skull             |       |     7 |     8 |       |       ||    15
       Bone              |       |     7 |     3 |       |     1 ||    11
       Rusty metal       |       |     5 |     9 |       |       ||    14
Invok: Heroism           |       |       |       |     9 |    10 ||    19
       Finesse           |       |       |       |     4 |     6 ||    10
 Abil: Evoke Berserk Rag |       |       |     2 |     3 |     2 ||     7
Evoke: Wand              |       |       |       |     9 |       ||     9
  Use: Scroll            |       |     3 |     1 |     5 |     3 ||    12
       Potion            |       |     1 |       |     9 |     4 ||    14
  Eat: Chunk             |       |     2 |    13 |    22 |    14 ||    51
       Ration            |       |       |       |     1 |     3 ||     4
Armor: Plate armour      |    34 |    96 |    97 |   205 |       ||   432
       Gold dragon scale |       |       |       |       |   726 ||   726
Dodge: Dodged            |     6 |    17 |    41 |   120 |   243 ||   427
Block: Buckler           |       |       |       |    17 |       ||    17
       Heater shield     |       |       |       |       |    13 ||    13
